 Dungeon Crawl Stone Soup version 0.20-b1-24-gb21faa7 (webtiles) character file.

401 donomii the Stinger (level 6, -1/43 HPs)
             Began as a Barachi Venom Mage on May 25, 2017.
             Slain by an ice beast (19 damage)
             ... on level 4 of the Dungeon.
             The game lasted 00:21:07 (5176 turns).

donomii the Stinger (Barachi Venom Mage)            Turns: 5176, Time: 00:21:07

Health: -1/43      AC:  7    Str: 10    XL:     6   Next: 85%
Magic:  12/12      EV: 12    Int: 17    God:
Gold:   275        SH:  0    Dex: 12    Spells: 8/13 levels left

rFire    + . .     SeeInvis .   p - staff of conjuration
rCold    x . .     Gourm    .   (no shield)
rNeg     . . .     Faith    .   K - +2 robe {MR+}
rPois    .         Spirit   .   i - +0 helmet
rElec    .         Reflect  .   (no cloak)
rCorr    .         Harm     .   (no gloves)
MR       +....                  h - +1 pair of boots {Fly}
Stlth    ++........             (no amulet)
Regen    0.2/turn               w - ring of fire
MPRegen  0.2/turn               (no ring)

@: flying, slow
A: +LOS, swims, slowness 1, strong legs 1
a: Hop, Stop Flying


You were on level 4 of the Dungeon.
You were hungry.

You visited 1 branch of the dungeon, and saw 6 of its levels.

You collected 275 gold pieces.

Inventory:

Hand Weapons
 g - a +0 short sword
 k - a +1 dagger of holy wrath
 H - a +1 antimagic dagger
 J - a +1 hand axe of electrocution
Armour
 a - a +0 robe
 h - a +1 pair of boots of flying (worn)
 i - a +0 helmet (worn)
 K - a +2 robe of magic resistance (worn)
Magical Staves
 p - an uncursed staff of conjuration (weapon)
Jewellery
 q - an uncursed ring of teleportation
 w - a ring of fire (left hand)
Wands
 D - a wand of flame (31/48)
 G - a wand of iceblast (8/15)
Scrolls
 e - 2 scrolls of enchant weapon {unknown}
 o - 3 scrolls of remove curse
 s - a scroll of immolation {unknown}
 t - a scroll of amnesia {unknown}
 y - 2 scrolls of fog {unknown}
 z - a scroll of random uselessness {unknown}
 A - a scroll of magic mapping {unknown}
 C - 3 scrolls of identify
Potions
 d - 3 potions of berserk rage
 j - a potion of resistance
 l - 2 potions of might
 m - 4 potions of curing
 r - a potion of heal wounds
 u - 2 potions of mutation {unknown}
 v - a potion of agility {unknown}
 x - 2 potions of magic {unknown}
 B - a potion of flight {unknown}
 E - a potion of invisibility {unknown}
 I - 2 potions of degeneration {unknown}
Books
 b - a Young Poisoner's Handbook

   Spells                             Type                      Level
   a - Sting                          Conjuration/Poison           1
   b - Poisonous Vapours              Poison/Air                   2
   c - Mephitic Cloud                 Conjuration/Poison/Air       3
   d - Olgreb's Toxic Radiance        Poison                       4
   e - Venom Bolt                     Conjuration/Poison           5
Comestibles
 c - 4 bread rations
 f - 2 fruits
 n - 5 meat rations


   Skills:
 - Level 1.2 Fighting
 - Level 1.5 Short Blades
 - Level 2.2 Dodging
 - Level 1.7 Stealth
 - Level 4.1 Spellcasting
 - Level 2.1 Conjurations
 + Level 6.4 Poison Magic


You had 8 spell levels left.
You knew the following spells:

 Your Spells              Type           Power        Failure   Level  Hunger
a - Sting                 Conj/Pois      ####         2%          1    None
b - Olgreb's Toxic Radia  Pois           ####....     11%         4    ####...


Dungeon Overview and Level Annotations

Branches:
Dungeon (6/15)
 Temple: D:4-7

Altars:
Yredelemnul

Annotations:
D:2 exclusion: spectral thing


Innate Abilities, Weirdness & Mutations

Shadows flee at your approach. (+LOS)
You can swim through water.
You cover ground slowly.
You can hop short distances.


Message History

Press: ? - help, Shift-Dir - straight line, f - ice beast
Aim: an ice beast You feel a surge of power!
The sting misses the ice beast.
The ice beast barely misses you. The ice beast barely misses you.
A jackal comes into view.
The ice beast closely misses you.
The ice beast hits you but does no damage.
The ice beast hits you. The ice beast freezes you!
You feel a terrible chill! The ice beast barely misses you.
There is a stone staircase leading down here.
The ice beast closely misses you.
You fly downwards.
There is a stone staircase leading up here.
You barely miss the ice beast.
The ice beast hits you but does no damage.
You hit the ice beast but do no damage.
You are ready to hop once more.
The ice beast hits you. The ice beast freezes you!!
You feel a terrible chill!
You die...

#...# ##......# # #...#
#.......## ###...## ###......#
.......# ####....## .......##
####....##..# [.......###
####....######.##
)(........######....#### #..##
...........##.....### ##..#
................@## ##..
.................Y## #..#
............#......## ###..#
............##......## ###....#
..........######.....#####......#
.......#### ##.>...........#.#
#.>.....## ##.........####..
..###....### ###........# ###
######.....## #..........#


You could see an ice beast.

Vanquished Creatures
  A howler monkey (D:4)
  A bullfrog zombie (D:3)
  A bullfrog skeleton (D:4)
  An orc wizard (D:5)
  A centaur skeleton (D:4)
  Ijyb (D:5)
  A worker ant (D:5)
  A gnoll (D:1)
  8 adders
  A shadow imp (D:5)
  2 oozes (D:2)
  An adder skeleton (D:4)
  2 worms
  4 leopard geckos
  9 orcs
  A ball python (D:3)
  6 giant cockroaches
  6 goblins
  9 hobgoblins
  3 jackals
  2 quokkas
  9 bats
  6 frilled lizards
  6 kobolds
  4 rats
87 creatures vanquished.

Vanquished Creatures (others)
  2 giant cockroaches (D:2)
  A hobgoblin (D:2)
  2 jackals (D:2)
5 creatures vanquished.

Grand Total: 92 creatures vanquished

Notes
Turn   | Place    | Note
-------+----------+-------------------------------------------
     0 | D:1      | donomii the Barachi Venom Mage began the quest for the Orb.
     0 | D:1      | Reached XP level 1. HP: 13/13 MP: 3/3
   252 | D:1      | Reached XP level 2. HP: 13/19 MP: 5/5
   977 | D:1      | Reached skill level 1 in Short Blades
   977 | D:1      | Reached XP level 3. HP: 17/25 MP: 0/6
  1433 | D:2      | Reached skill level 1 in Fighting
  1548 | D:2      | Reached XP level 4. HP: 32/32 MP: 4/7
  1559 | D:2      | Learned a level 4 spell: Olgreb's Toxic Radiance
  1992 | D:2      | Reached skill level 4 in Poison Magic
  2277 | D:2      | Found a basalt altar of Yredelemnul.
  2944 | D:3      | Reached XP level 5. HP: 29/37 MP: 9/9
  3630 | D:4      | Reached skill level 5 in Poison Magic
  3803 | D:4      | Reached XP level 6. HP: 43/43 MP: 6/11
  4352 | D:5      | Entered Level 5 of the Dungeon
  4352 | D:5      | Noticed Ijyb
  4365 | D:5      | Killed Ijyb
  4688 | D:5      | Reached skill level 6 in Poison Magic
  5069 | D:6      | Noticed an ice beast
  5176 | D:4      | Slain by an ice beast

Skill      XL: |  1  2  3  4  5  6 |
---------------+-------------------+-----
Short Blades   | 1 |  1.5
Fighting       | 1 |  1.2
Conjurations   | 2 |  2.1
Poison Magic   | 4 5 6 |  6.4
Spellcasting   | 3 4 |  4.1
Dodging        | |  2.2
Stealth        | |  1.7

Action                   |  1- 3 |  4- 6 || total
-------------------------+-------+-------++-------
Melee: Short sword       |    94 |    15 ||   109
       Dagger            |       |    30 ||    30
       Staff             |       |    42 ||    42
 Cast: Sting             |    19 |   143 ||   162
 Abil: Hop               |       |     1 ||     1
  Use: Scroll            |     1 |     5 ||     6
       Potion            |       |     1 ||     1
 Stab: Sleeping          |     3 |     1 ||     4
       Distracted        |     1 |       ||     1
  Eat: Chunk             |     1 |     7 ||     8
       Royal jelly       |     1 |       ||     1
       Meat ration       |       |     1 ||     1
Armor: Robe              |    36 |    47 ||    83
Dodge: Dodged            |    78 |    83 ||   161
